 Dungeon Crawl Stone Soup version 0.18-a0-1426-g3b9a63c (webtiles) character file.

7571 M4edhros the Nimble (level 11, -1/63 HPs)
             Began as an Octopode Artificer on Feb 26, 2016.
             Slain by a killer bee (4 damage)
             ... on level 9 of the Dungeon on Feb 27, 2016.
             The game lasted 00:37:15 (31008 turns).

M4edhros the Nimble (Octopode Artificer)           Turns: 31008, Time: 00:37:15

Health: -1/63      AC:  6    Str: 12      XL:     11   Next: 17%
Magic:  14/14      EV: 18    Int: 17      God:    Xom [...*..]
Gold:   436        SH:  0    Dex: 11 (13) Spells: 1 memorised, 13 levels left

rFire  . . .     SeeInvis .       - Unarmed
rCold  + . .     Gourm    .     (no shield)
rNeg   . . .     Faith    .     (helmet restricted)
rPois  +         Spirit   .     (no amulet)
rElec  .         Dismiss  .     j - ring of poison resistance
rCorr  .         Reflect  .     (no ring)
SustAt .         Harm     .     (no ring)
MR     .....                    (no ring)
Stlth  +.........               (no ring)
                                (no ring)
                                (no ring)
                                (no ring)

@: exhausted, contaminated, slowed, glowing, very slow, not resistant to hostile
enchantments, very unstealthy
A: almost no armour, amphibious, 8 rings, constrict 8, fangs 1, tentacle spike
3, icy blue scales 1, rough black scales 1, camouflage 1, blurry vision 1, cold
resistance 1, low mp 1, sense surroundings 1, strong 1, gelatinous body 1,
evolution 1
a: Renounce Religion


You were on level 9 of the Dungeon.
You worshipped Xom.
You were a favourite toy of Xom.
You were very hungry.

You visited 2 branches of the dungeon, and saw 10 of its levels.

You collected 436 gold pieces.

Inventory:

Hand Weapons
 h - a +0 blowgun
 m - a +0 hunting sling
 u - a +1 quarterstaff of speed
 y - a +0 blowgun
 G - a +4 quick blade
Missiles
 n - 192 stones (quivered)
 q - 20 curare-tipped needles
 B - 17 poisoned needles
Jewellery
 j - a ring of poison resistance (left tentacle)
Wands
 b - a wand of flame (10/48)
 c - a wand of enslavement (8/24)
 d - a wand of random effects (32/48)
 s - a wand of digging (13/24)
 w - a wand of digging (11/24)
Scrolls
 g - a scroll of immolation
 k - 4 scrolls of enchant armour
 l - a scroll of recharging
 p - 3 scrolls of teleportation
 t - 2 scrolls of noise
 C - a scroll of remove curse
 E - a scroll of fog {unknown}
Potions
 i - 3 potions of might
 r - 2 potions of brilliance
 v - 2 potions of mutation
 x - a potion of lignification
 z - a potion of ambrosia {unknown}
 A - 2 potions of degeneration {unknown}
 D - 2 potions of cancellation
Books
 e - a book of Power

   Spells                             Type                      Level
   a - Fulminant Prism                Conjuration/Hexes            4
   b - Iskenderun's Mystic Blast      Conjuration                  4
   c - Venom Bolt                     Conjuration/Poison           5
   d - Bolt of Magma                  Conjuration/Fire/Earth       5
   e - Iron Shot                      Conjuration/Earth            6
   f - Orb of Destruction             Conjuration                  7
   g - Spellforged Servitor           Conjuration/Summoning        7
 f - a Necronomicon

   Spells                             Type                      Level
   a - Haunt                          Necromancy/Summoning         7
   b - Borgnjor's Revivification      Necromancy                   8
   c - Death's Door                   Charms/Necromancy            8
   d - Necromutation                  Transmutation/Necromancy     8
Comestibles
 a - a meat ration
 F - 2 fruits


   Skills:
 - Level 1.0 Fighting
 - Level 1.0 Short Blades
 + Level 12.2 Dodging
 - Level 1.3 Stealth
 - Level 11.4 Unarmed Combat
 * Level 3.6 Spellcasting
 * Level 3.8 Hexes
 - Level 3.2 Evocations


You had 13 spell levels left.
You knew the following spells:

 Your Spells              Type           Power        Failure   Level  Hunger
a - Fulminant Prism       Conj/Hex       #.........   82%         4    ####...


Dungeon Overview and Level Annotations

Branches:
Dungeon (9/15)             Temple (1/1) D:7
   Lair: D:8-11         Orc: D:9-12

Altars:
Ashenzari
Elyvilon
Fedhas
Gozag
Kikubaaqudgha
Makhleb
Nemelex Xobeh
Okawaru
Pakellas
Qazlal
Ru
Sif Muna
Trog
Vehumet
Xom
Yredelemnul
Zin
The Shining One

Annotations:
D:5 Grinder


Innate Abilities, Weirdness & Mutations

You cannot wear most types of armour.
You are amphibious.
You can wear up to eight rings at the same time.
You can use your tentacles to constrict eight enemies at once.
Your skin changes colour to match your surroundings (Stealth).
Your rubbery body absorbs attacks (AC +1).
You have very sharp teeth.
One of your tentacles bears a large vicious spike.
You are partially covered in icy blue scales (AC +1).
You are partially covered in rough black scales (AC +4, Dex -1).
Scrolls take you a little longer to read.
Your flesh is cold resistant.
Your magical capacity is low (-10% MP).
You passively map a small area around you.
Your muscles are strong. (Str +2)
You evolve.


Message History

Drink which item? (? for menu, Esc to quit)
Okay, then.
Evoke which item? (* to show all) (? for menu, Esc to quit)
Zapping:
c - a wand of enslavement (10/24)
Press: ? - help, Shift-Dir - straight line, f - killer bee
Aim: a killer bee (lightly wounded, chance to defeat MR: 62%)
The killer bee resists with significant effort.
This wand has 9 charges left.
You are feeling very hungry.
The killer bee barely misses you. The killer bee closely misses you.
The killer bee stings you!
* * * LOW HITPOINT WARNING * * *
Xom thinks this is hilarious!
Evoke which item? (* to show all) (? for menu, Esc to quit)
Zapping:
c - a wand of enslavement (9/24)
Press: ? - help, Shift-Dir - straight line, f/p - killer bee
Aim: a killer bee (lightly wounded, chance to defeat MR: 62%)
The killer bee resists with significant effort.
This wand has 8 charges left.
The killer bee stings you.
You die...

* ..#####... #...##.... ,
.........# #.###...##....
.........# .......##....
.........# #####...##....
,..yy.....# #......>......
, #+#####†##
#.###..)#.#### , #.#
#.......#.#... *
.#.#####y########.#.#.#.##
* ,
.........@........#.#....#
,
.#.#####.##########.###..#
, * #.................# *
* * ############.####.#
#<#.....#.# #.......#'# ,
, #.......... , ,
##........[ , , ###+#.....


You could see a killer bee.

Vanquished Creatures
  Pikel (D:5)
  2 orc warriors
  9 worker ants
  An ice beast (D:9)
  2 sky beasts (D:8)
  2 slaves (D:5)
  2 phantoms
  4 ogres
  A centaur (D:6)
  2 big kobolds (D:7)
  10 giant frogs
  A scorpion (D:7)
  22 killer bees
  A howler monkey (D:8)
  6 crimson imps
  A giant frog zombie (D:8)
  5 hounds
  9 orc priests
  3 giant frog skeletons
  A centaur skeleton (D:9)
  2 jellies
  Natasha (thrice) (D:2)
  Terence (D:2)
  3 iguanas
  13 orc wizards
  A hound skeleton (D:5)
  A howler monkey zombie (D:5)
  2 worker ant zombies (D:7)
  9 gnolls
  A howler monkey skeleton (D:8)
  14 adders
  A shadow imp (D:8)
  An ooze (D:2)
  3 adder zombies
  An adder skeleton (D:8)
  5 worms
  4 dart slugs
  8 giant geckos
  44 orcs
  2 ball pythons
  5 bats
  8 giant cockroaches
  11 hobgoblins
  21 jackals
  2 quokkas
  A giant gecko zombie (D:5)
  5 giant newts
  8 goblins
  A jackal skeleton (D:8)
  15 kobolds
  11 rats
292 creatures vanquished.

Vanquished Creatures (collateral kills)
  An ogre (D:4)
  An adder (D:4)
2 creatures vanquished.

Vanquished Creatures (others)
  A slave (D:5)
  A quokka (D:5)
2 creatures vanquished.

Grand Total: 296 creatures vanquished

Notes
Turn   | Place    | Note
--------------------------------------------------------------
     0 | D:1      | M4edhros the Octopode Artificer began the quest for the Orb.
     0 | D:1      | Reached XP level 1. HP: 13/13 MP: 3/3
    83 | D:1      | Reached skill level 1 in Unarmed Combat
   177 | D:1      | Reached XP level 2. HP: 4/18 MP: 4/4
  1058 | D:1      | Reached XP level 3. HP: 23/23 MP: 5/5
  1264 | D:2      | Noticed Natasha
  1273 | D:2      | Killed Natasha
  1383 | D:2      | Reached XP level 4. HP: 8/28 MP: 6/6
  1614 | D:2      | Noticed Natasha
  1622 | D:2      | Killed Natasha
  1622 | D:2      | Reached XP level 5. HP: 18/33 MP: 7/7
  1790 | D:2      | Reached skill level 5 in Unarmed Combat
  1918 | D:2      | Noticed Natasha
  1926 | D:2      | Killed Natasha
  2055 | D:2      | Reached XP level 6. HP: 12/38 MP: 8/8
  2314 | D:2      | Noticed Terence
  2322 | D:2      | Killed Terence
  2752 | D:4      | Noticed a phantom
  2874 | D:4      | Found a shimmering altar of Xom.
  2906 | D:4      | Became a worshipper of Xom of Chaos
  2947 | D:4      | XOM: divination: detect creatures
  2972 | D:4      | XOM: silly message
  2979 | D:4      | Reached XP level 7. HP: 26/43 MP: 9/9
  3103 | D:4      | XOM: divination: detect items
  3181 | D:4      | XOM: harmless Air miscast
  3691 | D:4      | XOM: give mutations
  3691 | D:4      | Gained mutation: You are partially covered in iridescent scales (AC +4). [Xom's grace]
  3691 | D:4      | Gained mutation: Your mind is acute. (Int +2) [Xom's grace]
  3691 | D:4      | Gained mutation: You have very sharp teeth. [Xom's grace]
  3691 | D:4      | Gained mutation: Your muscles are strong. (Str +2) [Xom's grace]
  3731 | D:4      | XOM: mild Trmt miscast
  3774 | D:4      | XOM: mild Pois miscast
  3910 | D:4      | XOM: divination: detect creatures
  3919 | D:4      | XOM: give mutations
  3919 | D:4      | Gained mutation: Scrolls take you a little longer to read. [Xom's mischief]
  3919 | D:4      | Lost mutation: Scrolls take you a little longer to read. [Xom's mischief]
  3919 | D:4      | Lost mutation: Your mind is acute. (Int +2) [Xom's mischief]
  3919 | D:4      | Gained mutation: You are dopey. (Int -2) [Xom's mischief]
  3967 | D:4      | XOM: give mutation
  3967 | D:4      | Gained mutation: Your system is resistant to poisons. [Xom's mischief]
  4239 | D:4      | XOM: divination: magic mapping
  4590 | D:4      | XOM: harmless Divn miscast
  5264 | D:4      | XOM: harmless Divn miscast
  6160 | D:4      | XOM: divination: detect items
  6269 | D:4      | XOM: vitrification
  6315 | D:4      | XOM: 2-stop teleportation journey
  6490 | D:3      | XOM: fog
  6515 | D:3      | XOM: divination: magic mapping
  6684 | D:2      | XOM: vitrification
  6861 | D:2      | XOM: vitrification
  7120 | D:2      | XOM: give mutation
  7120 | D:2      | Gained mutation: Your flesh is heat resistant. [Xom's grace]
  7246 | D:2      | XOM: give mutations
  7246 | D:2      | Gained mutation: You possess an exceptional clarity of mind. [Xom's grace]
  7246 | D:2      | Gained mutation: One of your tentacles bears a spike. [Xom's grace]
  7246 | D:2      | Gained mutation: Your muscles are very strong. (Str +4) [Xom's grace]
  7246 | D:2      | Gained mutation: You evolve. [Xom's grace]
  7423 | D:2      | XOM: give mutations
  7423 | D:2      | Gained mutation: One of your tentacles bears a nasty spike. [Xom's grace]
  7423 | D:2      | Gained mutation: You have a pair of small antennae on your head. [Xom's grace]
  7423 | D:2      | Gained mutation: One of your tentacles bears a large vicious spike. [Xom's grace]
  7593 | D:2      | Gained mutation: You are partially covered in rough black scales (AC +4, Dex -1). [evolution]
  7730 | D:3      | Found a faded altar to an unknown god.
  7840 | D:3      | XOM: harmless Chrm miscast
  7916 | D:3      | Reached XP level 8. HP: 48/48 MP: 10/10
  7917 | D:3      | Found a deep blue altar of Sif Muna.
  8045 | D:3      | XOM: mild Air miscast
  8447 | D:4      | XOM: harmless Hex miscast
  8834 | D:5      | Entered Level 5 of the Dungeon
  8864 | D:5      | Noticed Grinder
  8883 | D:5      | XOM: mild Conj miscast
  8885 | D:5      | Found a white marble altar of Elyvilon.
  8964 | D:5      | Noticed Pikel
  8974 | D:5      | XOM: harmless Conj miscast
  8975 | D:5      | Upgraded the game from 0.18-a0-1418-ga86aa8f to 0.18-a0-1426-g3b9a63c
  8989 | D:5      | Killed Pikel
  8989 | D:5      | Reached XP level 9. HP: 35/53 MP: 11/11
  9250 | D:5      | XOM: scenery: create altars
  9623 | D:6      | XOM: cast spell 'Ice Form'
  9695 | D:6      | Reached skill level 3 in Dodging
  9729 | D:6      | Reached skill level 11 in Dodging
  9729 | D:6      | Reached XP level 10. HP: 54/58 MP: 12/12
  9738 | D:6      | XOM: divination: magic mapping
  9762 | D:6      | XOM: silly message
  9780 | D:6      | Learned a level 4 spell: Fulminant Prism
 10037 | D:6      | Found a burning altar of Makhleb.
 10196 | D:7      | Found a glowing golden altar of the Shining One.
 10217 | D:7      | Found a glowing silver altar of Zin.
 10307 | D:7      | Reached skill level 1 in Hexes
 10417 | D:7      | Reached skill level 1 in Spellcasting
 10591 | D:7      | Reached skill level 12 in Dodging
 10910 | D:7      | Found a staircase to the Ecumenical Temple.
 10920 | Temple   | Entered the Ecumenical Temple
 11096 | Temple   | XOM: mild Necr miscast
 11566 | Temple   | XOM: silly message
 11675 | Temple   | Lost mutation: Your flesh is heat resistant. [evolution]
 11761 | Temple   | XOM: cast spell 'Ice Form'
 11762 | Temple   | XOM: harmless Fire miscast
 11948 | Temple   | XOM: harmless Erth miscast
 12233 | Temple   | XOM: harmless Erth miscast
 13091 | Temple   | XOM: divination: magic mapping
 13286 | Temple   | XOM: harmless Trmt miscast
 13319 | Temple   | XOM: divination: detect creatures
 13375 | Temple   | XOM: harmless Fire miscast
 13720 | Temple   | XOM: divination: detect items
 14515 | Temple   | XOM: silly message
 15375 | Temple   | XOM is BORED!
 15375 | Temple   | XOM: medium Erth miscast
 15412 | Temple   | XOM: mild Ice miscast
 15696 | Temple   | XOM: silly message
 15709 | Temple   | XOM: harmless Ice miscast
 16444 | Temple   | XOM: god gift: scroll labeled YDWEOG CAOLE
 16538 | Temple   | XOM: 1-stop teleportation journey
 17157 | Temple   | XOM: mild Divn miscast
 17216 | Temple   | XOM is BORED!
 17216 | Temple   | XOM: mild Necr miscast
 17227 | Temple   | XOM: 5-stop teleportation journey
 17274 | Temple   | XOM: silly message
 17483 | Temple   | XOM: god gift: 7 curare-tipped needles
 17672 | Temple   | XOM: colour smoke trail
 17813 | Temple   | XOM: cast spell 'Dragon Form'
 18036 | Temple   | XOM is BORED!
 18036 | Temple   | XOM: mild Necr miscast
 18083 | Temple   | XOM: colour smoke trail
 18100 | Temple   | XOM: noise
 18697 | Temple   | XOM: scenery: create altars
 18737 | Temple   | XOM: give mutations
 18737 | Temple   | Gained mutation: You are partially covered in icy blue scales (AC +1). [Xom's grace]
 18737 | Temple   | Gained mutation: Your flesh is cold resistant. [Xom's grace]
 18737 | Temple   | Gained mutation: You are resistant to hostile enchantments. [Xom's grace]
 18737 | Temple   | Gained mutation: You are agile. (Dex +2) [Xom's grace]
 19559 | Temple   | XOM is BORED!
 19559 | Temple   | XOM: noise
 20163 | Temple   | XOM: mild Erth miscast
 20353 | Temple   | XOM: give mutations
 20353 | Temple   | Lost mutation: You are partially covered in iridescent scales (AC +4). [Xom's mischief]
 20353 | Temple   | Lost mutation: You are dopey. (Int -2) [Xom's mischief]
 20353 | Temple   | Lost mutation: You possess an exceptional clarity of mind. [Xom's mischief]
 20439 | Temple   | XOM: 5-stop teleportation journey
 20915 | Temple   | XOM is BORED!
 20915 | Temple   | XOM: medium Trmt miscast
 21831 | Temple   | XOM is BORED!
 21831 | Temple   | XOM: give mutation
 21831 | Temple   | Lost mutation: Your muscles are very strong. (Str +4) [Xom's mischief]
 22106 | Temple   | XOM: summons 5 hostile demons
 23546 | Temple   | XOM: 1-stop teleportation journey
 24114 | Temple   | XOM: 5-stop teleportation journey
 24739 | Temple   | XOM: colour smoke trail
 25255 | Temple   | XOM: mild Hex miscast
 25453 | Temple   | XOM: medium Summ miscast
 25497 | D:7      | XOM: colour smoke trail
 25548 | D:7      | XOM: vitrification
 25572 | Temple   | XOM: medium Tloc miscast
 25572 | Temple   | XOM: smoke on damage
 25579 | D:7      | XOM: summons 2 hostile shadow creatures
 25607 | Temple   | XOM: give mutations
 25607 | Temple   | Lost mutation: You are resistant to hostile enchantments. [Xom's mischief]
 25607 | Temple   | Lost mutation: You are agile. (Dex +2) [Xom's mischief]
 25607 | Temple   | Lost mutation: One of your tentacles bears a large vicious spike. [Xom's mischief]
 25607 | Temple   | Gained mutation: Scrolls take you a little longer to read. [Xom's mischief]
 25716 | Temple   | XOM: summons 5 hostile demons
 25741 | D:7      | XOM: silly message
 25750 | D:7      | XOM: silly message
 25786 | D:8      | XOM: stealth player
 25813 | D:8      | Found a sacrificial altar of Ru.
 25964 | D:8      | XOM: harmless Trmt miscast
 26056 | D:8      | XOM: mild Ice miscast
 26163 | D:8      | XOM is BORED!
 26163 | D:8      | XOM: mild Necr miscast
 26294 | D:8      | XOM: silly message
 26721 | D:8      | XOM: silly message
 26761 | D:8      | XOM: potion effect (berserk rage)
 26771 | D:8      | XOM: silly message
 26789 | D:8      | Lost mutation: Your system is resistant to poisons. [mutagenic meat]
 27376 | D:8      | XOM: colour smoke trail
 27454 | D:8      | Gained mutation: One of your tentacles bears a large vicious spike. [mutagenic meat]
 27501 | D:8      | XOM: give mutation
 27501 | D:8      | Lost mutation: You have a pair of small antennae on your head. [Xom's mischief]
 27503 | D:8      | XOM: harmless Conj miscast
 27505 | D:8      | XOM: destruction
 27509 | D:8      | XOM: mild Summ miscast
 27509 | D:8      | HP: 2/58 [killer bee (3)]
 27800 | D:8      | Found a burning altar of Makhleb.
 27827 | D:8      | XOM: harmless Necr miscast
 28043 | D:8      | XOM: noise
 28139 | D:8      | XOM: summons 5 hostile shadow creatures
 28200 | D:7      | XOM: severe Pois miscast
 28243 | D:7      | XOM: harmless Summ miscast
 28749 | D:9      | Reached XP level 11. HP: 56/63 MP: 13/15
 28954 | D:9      | XOM: summons 5 hostile demons
 29098 | D:8      | XOM: summons 5 hostile demons
 29303 | D:9      | XOM: noise
 29499 | D:8      | XOM: mild Ice miscast
 30011 | D:8      | XOM: give mutation
 30011 | D:8      | Gained mutation: You passively map a small area around you. [Xom's grace]
 30310 | D:8      | XOM: god gift: scroll labeled KOR ZESTRUUPT
 30587 | D:8      | XOM: divination: detect creatures
 30880 | D:8      | XOM: god gift: runed quick blade {god gift}
 30897 | D:8      | XOM is BORED!
 30897 | D:8      | XOM: medium Trmt miscast
 30930 | D:9      | XOM: blink monster(s)
 30955 | D:9      | Gained mutation: Your magical capacity is low (-10% MP). [mutagenic glow]
 30956 | D:9      | XOM: summons 3 hostile demons
 30960 | D:9      | XOM: polymorph ufetubus -> shadow imp
 30964 | D:9      | XOM: potion effect (berserk rage)
 30970 | D:9      | XOM: fake destruction
 30974 | D:9      | XOM: fog
 30983 | D:9      | XOM: swap monsters
 31007 | D:9      | HP: 2/63 [killer bee (8)]
 31008 | D:9      | Slain by a killer bee

Vault maps used:
D:1:      dpeg_arrival_brainrot
D:2:      minmay_divided_ellipse, uniq_terence, uniq_natasha
D:3:      tgw_sif, ecumenical_altar_1, first_bread
D:4:      xom_teletrap_fun
D:5:      elyvilon_altar_4, uniq_pikel, uniq_grinder
D:6:      basic_altar
D:7:      nicolae_overflow_crystal_walls, zin_academy,
          minmay_temple_entry_nine_rooms
D:8:      lemuel_doored_altar, old_standard_altar
D:9:      gammafunk_temple_overflow_pools, erik_orc_1, david_nohive_1
Temple:   triangle_lava_temple_11

Skill      XL: |  1  2  3  4  5  6  7  8  9 10 11 |
---------------+----------------------------------+-----
Unarmed Combat | 1 2 3 4 5 7 8 11 | 11.4
Dodging        | 11 12 | 12.2
Hexes          | 3 |  3.8
Spellcasting   | 2 3 |  3.6
Fighting       | |  1.0
Short Blades   | |  1.0
Stealth        | |  1.3
Evocations     | |  3.2

Action                   |  1- 3 |  4- 6 |  7- 9 | 10-12 || total
-------------------------+-------+-------+-------+-------++-------
Melee: Unarmed           |    63 |   120 |   239 |   420 ||   842
       Quick blade       |       |       |       |    25 ||    25
Throw: Stone             |       |       |     1 |       ||     1
Evoke: Wand              |       |     3 |    11 |     7 ||    21
  Use: Potion            |       |     3 |     2 |     9 ||    14
       Scroll            |       |     4 |     4 |     6 ||    14
 Stab: Sleeping          |     7 |     5 |     4 |     3 ||    19
       Distracted        |     1 |       |     2 |     1 ||     4
       Paralysed         |       |       |       |     1 ||     1
  Eat: Chunk             |       |     6 |    14 |    20 ||    40
       Bread ration      |       |       |     1 |     6 ||     7
       Beef jerky        |       |       |     1 |     2 ||     3
       Pizza             |       |       |     1 |     1 ||     2
       Meat ration       |       |       |       |     4 ||     4
       Fruit             |       |       |       |     3 ||     3
